Map: Eternal Empire LE

Players

ShaDoWn

  • Race: Protoss Protoss
  • Spawn Location: 1:00

Astrea - Winner!

  • Race: Protoss Protoss
  • Spawn Location: 7:00

Event: IEM Katowice 2020

VOD

Have the link to the VOD?

Description

Time

  • Played on: Feb. 24, 2020, 5:51 a.m.
  • Length: 10:26

All games in this series

Show
View Real Time Build Order
Export as new Build Order

ShaDoWn Protoss 

Build Orders: Zealot Archon 

Get SALT Encoding   

  12  0:00  Probe  
  13  0:12  Probe  
  14  0:17  Pylon  
  14  0:24  Probe  
  15  0:37  Probe (Chrono Boost), Gateway  
  16  0:46  Assimilator  
  16  0:47  Probe (Chrono Boost)  
  17  0:51  Probe (Chrono Boost)  
  17  0:55  Assimilator  
  18  1:03  Probe (Chrono Boost)  
  19  1:08  Gateway  
  19  1:13  Probe (Chrono Boost)  
  20  1:19  Probe  
  20  1:25  Cybernetics Core  
  21  1:31  Probe  
  22  1:36  Pylon  
  22  1:43  Probe  
  22  1:45  Pylon  
  23  1:55  Probe  
  24  2:02  Stalker x2  
  24  2:05  Warp Gate (Chrono Boost)  
  28  2:30  Stargate  
  28  2:33  Stalker  
  30  2:44  Stalker  
  32  2:54  Probe, Robotics Facility  
  33  3:11  Nexus  
  33  3:12  Pylon  
  33  3:30  Probe  
  34  3:38  Immortal (Chrono Boost)  
  34  3:41  Pylon  
  34  3:43  Probe  
  39  3:59  Probe  
  34  4:11  Immortal  
  34  4:12  Probe (Chrono Boost)  
  37  4:17  Sentry x2  
  37  4:22  Probe (Chrono Boost), Shield Battery  
  43  4:24  Probe (Chrono Boost)  
  44  4:32  Probe x2 (Chrono Boost)  
  44  4:37  Probe (Chrono Boost)  
  45  4:38  Probe  
  45  4:42  Twilight Council  
  47  4:49  Probe  
  47  4:50  Probe, Observer  
  50  4:58  Adept x2  
  54  5:01  Probe  
  54  5:02  Pylon  
  54  5:04  Probe  
  56  5:11  Stalker x2  
  56  5:13  Probe (Chrono Boost), Forge, Assimilator  
  57  5:15  Assimilator  
  57  5:19  Probe (Chrono Boost), Charge  
  58  5:25  Probe (Chrono Boost)  
  59  5:31  Immortal  
  59  5:34  Stalker  
  66  5:36  Probe (Chrono Boost)  
  66  5:37  Probe (Chrono Boost)  
  66  5:40  Protoss Ground Weapons Level 1 (Chrono Boost)  
  67  5:47  Probe, Pylon  
  66  5:59  Probe  
  66  6:02  Gateway  
  66  6:03  Gateway  
  65  6:12  Gateway x2  
  65  6:18  Gateway  
  65  6:20  Templar Archives  
  65  6:25  Gateway  
  65  6:33  Stalker  
  65  6:36  Zealot  
  69  6:52  Nexus  
  69  6:55  Pylon  
  69  6:59  Probe  
  69  7:03  Pylon  
  69  7:09  Nexus  
  69  7:14  Pylon  
  69  7:15  High Templar x3  
  75  7:16  High Templar  
  75  7:18  Probe  
  75  7:19  Archon  
  75  7:20  Archon  
  75  7:21  Probe  
  79  7:25  Pylon  
  79  7:27  Zealot x3  
  85  7:30  Protoss Ground Weapons Level 2 (Chrono Boost)  
  85  7:35  Probe  
  85  7:43  Pylon  
  84  7:47  Probe  
  85  7:51  Probe  
  85  7:56  Assimilator  
  86  7:58  Assimilator  
  86  7:59  Probe, High Templar x2  
  86  8:00  Zealot x3  
  86  8:03  Probe  
  98  8:06  Archon  
  98  8:10  Shield Battery  
  98  8:11  Probe  
  98  8:12  Photon Cannon  
  99  8:15  Zealot x2  
  103  8:25  Probe x2 (Chrono Boost)  
  106  8:27  Probe (Chrono Boost)  
  106  8:33  Robotics Bay  
  106  8:34  High Templar  
  106  8:35  High Templar, Zealot x2  
  106  8:40  Archon  
  114  8:56  High Templar x2, Photon Cannon  
  114  8:57  Zealot x3  
  124  9:03  Archon  
  124  9:07  Pylon  
  124  9:08  Pylon  
  124  9:10  Pylon  
  124  9:11  Robotics Facility  
  124  9:22  Pylon  
  124  9:25  Nexus  
  124  9:27  Disruptor  
  124  9:29  High Templar x2  
  124  9:30  Zealot  
  125  9:33  Archon  
  123  9:42  High Templar x2  
  123  9:43  Zealot x3  
  132  9:48  Archon  
  132  9:52  Zealot  
  116  10:03  Zealot x5  
  89  10:16  Zealot x3  
  71  10:23  Zealot x4  
  71  10:24  Zealot  
Show
View Real Time Build Order
Export as new Build Order

Astrea Protoss - Winner!

Build Orders: Phoenix Opening, Blink Stalkers, Zealot Archon 

Get SALT Encoding   

  12  0:00  Probe  
  13  0:12  Probe  
  14  0:17  Pylon  
  14  0:24  Probe (Chrono Boost)  
  16  0:37  Probe (Chrono Boost), Gateway  
  16  0:43  Probe (Chrono Boost)  
  16  0:46  Assimilator  
  17  0:51  Probe  
  17  0:54  Assimilator  
  18  1:03  Probe (Chrono Boost)  
  19  1:07  Gateway  
  19  1:12  Probe (Chrono Boost)  
  19  1:17  Probe (Chrono Boost)  
  21  1:26  Cybernetics Core  
  21  1:29  Probe  
  22  1:35  Pylon  
  22  1:41  Probe  
  23  1:53  Probe  
  24  1:59  Warp Gate (Chrono Boost)  
  24  2:02  Stalker x2  
  24  2:06  Probe  
  29  2:15  Pylon  
  29  2:20  Probe  
  30  2:32  Probe  
  30  2:34  Sentry x2  
  35  2:48  Probe  
  35  3:00  Probe  
  35  3:03  Nexus  
  36  3:07  Phoenix  
  36  3:08  Twilight Council  
  36  3:14  Probe  
  36  3:15  Pylon  
  36  3:17  Sentry  
  39  3:33  Probe  
  40  3:39  Blink (Chrono Boost)  
  40  3:41  Stalker  
  40  3:45  Probe  
  40  3:46  Pylon  
  43  3:54  Stalker  
  45  3:57  Probe  
  45  4:09  Probe  
  43  4:12  Stalker  
  43  4:16  Probe  
  46  4:19  Stalker  
  46  4:21  Probe  
  49  4:28  Probe  
  50  4:33  Probe, Forge  
  50  4:38  Stalker  
  53  4:40  Probe  
  53  4:44  Stalker  
  57  4:45  Probe  
  57  4:52  Probe  
  58  4:57  Probe  
  59  5:01  Protoss Ground Weapons Level 1 (Chrono Boost), Gateway  
  59  5:02  Gateway  
  59  5:04  Probe  
  60  5:09  Probe  
  60  5:12  Assimilator  
  61  5:16  Probe, Assimilator  
  61  5:17  Stalker  
  61  5:21  Stalker  
  66  5:24  Probe  
  67  5:28  Probe  
  67  5:30  Pylon  
  68  5:44  Templar Archives  
  68  5:48  Gateway  
  68  5:51  Probe x2, Gateway  
  67  5:57  Pylon  
  67  6:03  Probe x2  
  69  6:12  Nexus  
  69  6:15  Probe  
  70  6:21  Robotics Facility  
  70  6:31  Gateway  
  70  6:32  Pylon, Gateway  
  70  6:33  High Templar  
  70  6:34  High Templar  
  74  6:40  Archon  
  74  6:44  Probe  
  74  6:45  Probe  
  76  6:47  Zealot x3  
  76  6:51  Protoss Ground Weapons Level 2 (Chrono Boost)  
  82  6:54  Pylon  
  82  7:05  Probe x2  
  82  7:07  High Templar x2, Zealot x2  
  92  7:11  Archon  
  92  7:18  Probe  
  92  7:22  Probe  
  94  7:25  Probe  
  95  7:30  Probe, Gateway  
  95  7:32  Gateway  
  95  7:33  High Templar x2  
  95  7:34  Probe  
  101  7:37  Probe  
  101  7:42  Probe  
  103  7:46  Probe  
  103  7:49  Probe  
  103  7:51  Zealot x5  
  107  7:54  Archon  
  107  7:55  Probe, Assimilator  
  107  7:56  Charge (Chrono Boost)  
  107  7:57  Assimilator  
  116  8:03  Pylon  
  116  8:04  Pylon  
  116  8:12  Probe  
  117  8:15  Pylon  
  117  8:21  Probe  
  117  8:22  Observer (Chrono Boost)  
  117  8:23  High Templar x2, Zealot x5  
  133  8:27  Archon  
  133  8:37  Pylon, Warp Prism (Chrono Boost)  
  133  8:38  Pylon  
  135  8:42  High Templar x2  
  139  8:53  Archon, Zealot  
  141  8:59  Zealot x6  
  149  9:15  Pylon  
  149  9:20  High Templar x2, Zealot x2  
  149  9:23  Pylon  
  157  9:25  Nexus  
  157  9:26  Archon  
  157  9:46  Zealot x8  
  157  9:52  Robotics Bay  
  173  9:53  Robotics Facility  
  149  10:05  Zealot x2  
  149  10:06  Zealot x4  
  127  10:11  Zealot x2  

Tags
 
Add a new tag
Caveats
  • Supply blocks, unpowered buildings, or Contaminate may cause inaccurate times.
  • Supply counts are checked every 10 seconds.